 Dungeon Crawl Stone Soup version 0.23.0 (webtiles) character file.

Game seed: 15363034344877097210

68 Hubris the Magician (level 4, -1/32 HPs)
             Began as a Gnoll Wizard on Feb 12, 2019.
             Slain by a kobold
             ... wielding a +0 club
              (4 damage)
             ... on level 2 of the Dungeon on Feb 14, 2019.
             The game lasted 00:08:10 (1247 turns).

Hubris the Magician (Gnoll Wizard)                  Turns: 1247, Time: 00:08:11

Health: -1/32      AC:  2    Str:  9    XL:     4   Next: 19%
Magic:  10/13      EV: 14    Int: 22    God:
Gold:   71         SH:  0    Dex: 13    Spells: 6/17 levels left

rFire    . . .     SeeInvis .   h - +2 short sword (freeze)
rCold    . . .     Gourm    .   (no shield)
rNeg     . . .     Faith    .   a - +0 robe
rPois    .         Spirit   .   b - +0 hat
rElec    .         Reflect  .   (no cloak)
rCorr    .         Harm     .   (no gloves)
MR       .....     Rnd*Tele +   (no boots)
Stlth    +++.......             (no amulet)
HPRegen  0.10/turn              i - ring of teleportation (curse)
MPRegen  0.13/turn              (no ring)

@: no status effects
A: distributed training, fangs 1, strong nose
a: no special abilities


You were on level 2 of the Dungeon.
You were not hungry.

You visited 1 branch of the dungeon, and saw 2 of its levels.

You collected 71 gold pieces.

Inventory:

Hand Weapons
 h - a +2 short sword of freezing (weapon)
Armour
 a - a +0 robe (worn)
 b - a +0 hat (worn)
Jewellery
 i - a cursed ring of teleportation (left hand)
Scrolls
 e - a scroll of identify {unknown}
 j - a scroll of immolation {unknown}
Potions
 f - 2 potions of brilliance {unknown}
 g - a potion of might {unknown}
Comestibles
 c - 4 chunks of flesh
 d - 2 rations


   Skills:
 + Level 1.0 Fighting
 + Level 1.0 Short Blades
 + Level 1.0 Long Blades
 + Level 1.0 Axes
 + Level 1.0 Maces & Flails
 + Level 1.0 Polearms
 + Level 1.0 Staves
 + Level 1.0 Slings
 + Level 1.0 Bows
 + Level 1.0 Crossbows
 + Level 1.0 Throwing
 + Level 1.0 Armour
 + Level 4.6 Dodging
 + Level 4.2 Stealth
 + Level 1.0 Shields
 + Level 1.0 Unarmed Combat
 + Level 7.2 Spellcasting
 + Level 2.2 Conjurations
 + Level 0.8 Hexes
 + Level 0.8 Charms
 + Level 2.2 Summonings
 + Level 0.8 Necromancy
 + Level 2.2 Translocations
 + Level 0.8 Transmutations
 + Level 0.8 Fire Magic
 + Level 0.8 Ice Magic
 + Level 0.8 Air Magic
 + Level 0.8 Earth Magic
 + Level 0.8 Poison Magic
 + Level 1.1 Invocations
 + Level 1.0 Evocations


You had 6 spell levels left.
You knew the following spells:

 Your Spells              Type           Power        Failure   Level  Hunger
a - Magic Dart            Conj           ###.         3%          1    None
b - Blink                 Tloc           N/A          4%          2    None
c - Call Imp              Summ           ###.....     4%          2    None
d - Conjure Flame         Conj/Fire      ##......     13%         3    None
e - Mephitic Cloud        Conj/Pois/Air  ##......     14%         3    None

Your spell library contained the following spells:

 Spells                   Type           Power        Failure   Level  Hunger
 Slow                     Hex            ##......     9%          2    None


Dungeon Overview and Level Annotations

Branches:
Dungeon (2/15)

Altars:


Innate Abilities, Weirdness & Mutations

Your experience applies equally to all skills.
You have very sharp teeth.
Your uncanny sense of smell can sniff out nearby items.


Message History

The goblin barely misses you.
You closely miss the kobold. The kobold closely misses you.
The goblin hits you with a cursed -2 dagger.
You hit the goblin. You freeze the goblin.
The goblin is severely wounded.
The kobold misses you. The goblin hits you but does no damage.
You barely miss the goblin.
The goblin is severely wounded.
The kobold hits you with a +0 club.
* * * LOW HITPOINT WARNING * * *
The goblin misses you.
You puncture the goblin! You freeze the goblin.
You kill the goblin!
A hobgoblin comes into view. It is wielding a +0 club.
The kobold misses you.
You closely miss the kobold. The kobold hits you with a +0 club.
* * * LOW HITPOINT WARNING * * *
You closely miss the kobold. The kobold barely misses you.
You barely miss the kobold. The kobold hits you with a +0 club.
You die...

.J. ###.# #...#
#รท# ##)#
..###.g##########
........)........#
#......####K)....#
#.....#####@.....#
....##.g....)....#
#.#....###########
..#


You could see a hobgoblin and a kobold.

Vanquished Creatures
  Robin (D:2)
  An adder (D:2)
  An ooze (D:2)
  A dart slug (D:1)
  2 leopard geckos
  A giant cockroach (D:1)
  11 goblins
  5 hobgoblins
  5 jackals (D:1)
  A kobold (D:1)
  2 bats (D:1)
  2 frilled lizards (D:1)
  3 rats (D:1)
36 creatures vanquished.

Notes
Turn   | Place    | Note
-------+----------+-------------------------------------------
     0 | D:1      | Hubris the Gnoll Wizard began the quest for the Orb.
     0 | D:1      | Reached XP level 1. HP: 13/13 MP: 8/8
   272 | D:1      | Reached XP level 2. HP: 19/19 MP: 7/10
  1053 | D:1      | Reached XP level 3. HP: 25/25 MP: 9/11
  1059 | D:1      | Learned a level 2 spell: Blink
  1062 | D:1      | Learned a level 2 spell: Call Imp
  1066 | D:1      | Learned a level 3 spell: Conjure Flame
  1070 | D:1      | Learned a level 3 spell: Mephitic Cloud
  1187 | D:2      | Noticed Robin
  1191 | D:2      | Reached skill level 1 in Invocations
  1217 | D:2      | Reached skill level 1 in Fighting
  1217 | D:2      | Reached skill level 1 in Short Blades
  1217 | D:2      | Reached skill level 1 in Long Blades
  1217 | D:2      | Reached skill level 1 in Axes
  1217 | D:2      | Reached skill level 1 in Maces & Flails
  1217 | D:2      | Reached skill level 1 in Polearms
  1217 | D:2      | Reached skill level 1 in Staves
  1217 | D:2      | Reached skill level 1 in Slings
  1217 | D:2      | Reached skill level 1 in Bows
  1217 | D:2      | Reached skill level 1 in Crossbows
  1217 | D:2      | Reached skill level 1 in Throwing
  1217 | D:2      | Reached skill level 1 in Armour
  1217 | D:2      | Reached skill level 1 in Shields
  1217 | D:2      | Reached skill level 1 in Unarmed Combat
  1217 | D:2      | Reached skill level 1 in Evocations
  1232 | D:2      | Killed Robin
  1232 | D:2      | Reached XP level 4. HP: 21/32 MP: 8/13
  1247 | D:2      | Slain by a kobold

Skill      XL: |  1  2  3 |
---------------+----------+-----
Conjurations   | 2 |  2.2
Summonings     | 2 |  2.2
Translocations | 2 |  2.2
Invocations    | 1 |  1.1
Fighting       | 1 |  1.0
Short Blades   | 1 |  1.0
Long Blades    | 1 |  1.0
Axes           | 1 |  1.0
Maces & Flails | 1 |  1.0
Polearms       | 1 |  1.0
Staves         | 1 |  1.0
Slings         | 1 |  1.0
Bows           | 1 |  1.0
Crossbows      | 1 |  1.0
Throwing       | 1 |  1.0
Armour         | 1 |  1.0
Shields        | 1 |  1.0
Unarmed Combat | 1 |  1.0
Evocations     | 1 |  1.0
Dodging        | |  4.6
Stealth        | |  4.2
Spellcasting   | |  7.2
Hexes          | |  0.8
Charms         | |  0.8
Necromancy     | |  0.8
Transmutations | |  0.8
Fire Magic     | |  0.8
Ice Magic      | |  0.8
Air Magic      | |  0.8
Earth Magic    | |  0.8
Poison Magic   | |  0.8

Action                   |  1- 3 |  4- 6 || total
-------------------------+-------+-------++-------
Melee: Short sword       |    34 |    15 ||    49
       Bite              |     1 |       ||     1
 Cast: Magic Dart        |    51 |       ||    51
       Mephitic Cloud    |     1 |       ||     1
  Eat: Chunk             |     1 |       ||     1
Armor: Robe              |     3 |     1 ||     4
Dodge: Dodged            |    35 |    11 ||    46
